 Dungeon Crawl Stone Soup version 0.26.1-11-gd32895ea62 (webtiles) character file.

Game seed: 6533769668386124277

153 infcreate the Grave Robber (level 5, -1/38 HPs)
             Began as a Vampire Necromancer on July 27, 2021.
             Slain by a killer bee (5 damage)
             ... on level 3 of the Dungeon.
             The game lasted 00:12:07 (4485 turns).

infcreate the Grave Robber (Vampire Necromancer)    Turns: 4485, Time: 00:12:08

Health: -1/38      AC:  2    Str: 13    XL:     5   Next: 12%
Magic:  0/8        EV: 13    Int: 18    God:
Gold:   99         SH:  0    Dex: 15    Spells: 0/9 levels left

rFire    . . .     SeeInvis +   h - +1 short sword
rCold    . . .     Faith    .   (no shield)
rNeg     . . .     Spirit   .   a - +0 robe
rPois    +         Reflect  .   (no helmet)
rElec    .         Harm     .   (no cloak)
rCorr    .         Rampage  .   (no gloves)
Will     .....                  (no boots)
Stlth    +++.......             (no amulet)
HPRegen  0.32/turn              P - ring of poison resistance
MPRegen  0.11/turn              S - +6 ring of strength

@: lethally poisoned (-1 -> -2), regenerating quickly
A: fangs 3, see invisible, unbreathing
a: Exsanguinate


You were on level 3 of the Dungeon.
You visited 1 branch of the dungeon, and saw 4 of its levels.

You collected 99 gold pieces.


Innate Abilities, Weirdness & Mutations

Your natural rate of healing is unusually fast.
You have razor-sharp teeth.
You have supernaturally acute eyesight. (SInv)
You can survive without breathing.


   Skills:
 + Level 1.7 Fighting
 + Level 1.8 Short Blades
 + Level 3.1 Dodging
 + Level 4.2 Stealth
 + Level 2.6 Spellcasting
 + Level 4.9 Necromancy


You couldn't memorise any spells.
You knew the following spells:

 Your Spells              Type           Power        Failure   Level
a - Animate Skeleton      Necr           40%          2%          1
d - Animate Dead          Necr           10%          22%         4
p - Pain                  Necr           80%          2%          1
v - Vampiric Draining     Necr           10%          7%          3

Your spell library contained the following spells:

 Spells                   Type           Power        Failure   Level
 Agony                    Necr           20%          54%         5

Inventory:

Hand Weapons
 h - a +1 short sword (weapon)
Armour
 a - a +0 robe (worn)
Jewellery
 P - a ring of poison resistance (left hand)
 S - a +6 ring of strength (right hand)
Scrolls
 b - 3 scrolls of identify {@r1}
 e - a scroll of blinking {unknown}
 f - 2 scrolls of enchant weapon
 g - 3 scrolls of teleportation {@r4}
 i - a scroll of remove curse {unknown}
 j - a scroll of immolation
 k - a scroll of fog {unknown}
 l - a scroll of magic mapping {unknown}
 n - a scroll of enchant armour {unknown}
Potions
 c - a potion of heal wounds {@q2}
 d - a potion of attraction {unknown}
 m - a potion of flight {unknown}
 o - a potion of mutation {unknown}

Dungeon Overview and Level Annotations

Branches:
Dungeon (4/15)
 Temple: D:4-7

Altars:
Hepliaklqana

#.# #..# #.# ######.#.##
########.#####.....###.#
...............####.#.##
########.####### #..## .#
###.# #..# .#####..÷#
#..####
.......#.##########.....#
######..........@yy.###.#
##).############ #.# #<.#
#.# #÷.# #.# #..# #.#
#..# #.#
#..##############.#
#...........>..##.# #####
#.############.##.#


You could see 2 killer bees.


Message History

* * * LOW HITPOINT WARNING * * *
You are too injured to fight recklessly!
You are too injured to fight recklessly!
Casting: Vampiric Draining (dangerous; 7% risk of failure)
Confirm with . or Enter, or press ? or * to list all spells.
Aiming: Pain (safe; 2% risk of failure)
Press: ? - help, Shift-Dir - straight line, f/p - killer bee
Aim: a killer bee (moderately wounded, chance to affect: 85%)
The killer bee writhes in agony.
The killer bee stings you.
* * * LOW HITPOINT WARNING * * *
You are poisoned.
The killer bee poisons you! The killer bee barely misses you.
Casting: Pain (safe; 2% risk of failure)
Confirm with . or Enter, or press ? or * to list all spells.
Aiming: Pain (safe; 2% risk of failure)
Press: ? - help, Shift-Dir - straight line, f/p - killer bee
Aim: a killer bee (heavily wounded, chance to affect: 85%)
The killer bee writhes in agony.
You feel sick. The killer bee closely misses you. The killer bee stings you!
* * * LOW HITPOINT WARNING * * *
Unknown command.
Casting: Pain (safe; 2% risk of failure)
Confirm with . or Enter, or press ? or * to list all spells.
Aiming: Vampiric Draining (dangerous; 7% risk of failure)
Press: ? - help, Shift-Dir - straight line, f/p - killer bee
Aim: a killer bee (heavily wounded)
The killer bee is almost dead.
You feel life coursing into your body.
You feel sick. The killer bee stings you.
You die...

Skill      XL: |  1  2  3  4 |
---------------+-------------+-----
Fighting       | 1 |  1.7
Short Blades   | 1 |  1.8
Stealth        | 4 |  4.2
Dodging        | 3 |  3.1
Spellcasting   | |  2.6
Necromancy     | |  4.9

Action                   |  1- 3 |  4- 6 || total
-------------------------+-------+-------++-------
Melee: Short sword       |     4 |    12 ||    16
       Bite              |       |     2 ||     2
 Cast: Pain              |    86 |    69 ||   155
       Vampiric Draining |       |     2 ||     2
  Use: Scroll            |     1 |     7 ||     8
 Stab: Sleeping          |     2 |     3 ||     5
Armor: Robe              |     2 |     4 ||     6
Dodge: Dodged            |     7 |    23 ||    30

Levels and vault maps discovered:
D:1:      amcnicky_arrival_double_pillar, layout_loops_ring
D:2:      layout_basic, nzn_hepliaklqana_mist_gate
D:3:      layout_loops_ring
D:4:      layout_cave_pods, ebering_ghost_rock_garden, kennysheep_nub

Notes
Turn   | Place    | Note
-------+----------+-------------------------------------------
     0 | D:1      | infcreate the Vampire Necromancer began the quest for the
                  | Orb.
     0 | D:1      | Reached XP level 1. HP: 13/13 MP: 3/3
   107 | D:1      | Learned a level 1 spell: Animate Skeleton
   509 | D:1      | Reached XP level 2. HP: 20/20 MP: 3/5
  1198 | D:2      | Reached skill level 1 in Fighting
  1254 | D:2      | Reached XP level 3. HP: 22/26 MP: 1/6
  1562 | D:2      | Reached skill level 1 in Short Blades
  1962 | D:2      | Found a hazy altar of Hepliaklqana.
  2244 | D:2      | You fall into a shaft and drop 2 floors!
  2249 | D:4      | Reached XP level 4. HP: 28/32 MP: 2/7
  2433 | D:4      | Reached skill level 4 in Stealth
  2920 | D:2      | Reached skill level 3 in Dodging
  3195 | D:3      | Reached XP level 5. HP: 36/38 MP: 4/8
  3241 | D:3      | Learned a level 3 spell: Vampiric Draining
  3246 | D:3      | Learned a level 4 spell: Animate Dead
  4484 | D:3      | HP: 1/38 [killer bee (8)]
  4485 | D:3      | Slain by a killer bee

Vanquished Creatures
  A worker ant (D:4)
  4 adders
  2 oozes (D:3)
  3 worms
  A dart slug (D:1)
  3 leopard geckos
  An orc (D:3)
  2 ball pythons
  8 bats
  2 giant cockroaches
  5 goblins
  9 hobgoblins
  6 jackals
  8 frilled lizards
  9 kobolds
  7 rats
71 creatures vanquished.

Table legend: (Time is in decaauts)
 A = Elapsed time spent in this place.
 B = Non-inter-level travel time spent in this place.
 C = Inter-level travel time spent in this place.
 D = Time resting spent in this place.
 E = Time spent auto-exploring this place.
 F = Levels seen in this place.
 G = Mean time per level.
                   A        B        C        D        E       F      G
               +--------+--------+--------+--------+--------+-----+--------+
         Total |   4486 |   2391 |   2095 |   1421 |      0 |   4 | 1121.5 |
       Dungeon |   4486 |   2391 |   2095 |   1421 |      0 |   4 | 1121.5 |
               +--------+--------+--------+--------+--------+-----+--------+

Top non-repeatable levels by time:
     D:2: 1364 daAuts
     D:3: 1279 daAuts
     D:1: 1215 daAuts
     D:4: 627 daAuts

Table legend:
 A = Non-vault XP
 B = Vault XP
 C = Vault XP percentage of total XP
 D = Non-vault monster count
 E = Vault monster count
 F = Vault count percentage of total count
                 A         B        C        D         E       F
            +---------+---------+-------+---------+---------+-------
      Total |     219 |       0 |   0.0 |      71 |       0 |   0.0
            +---------+---------+-------+---------+---------+-------
        D:1 |      34 |       0 |   0.0 |      18 |       0 |   0.0
        D:2 |      69 |       0 |   0.0 |      24 |       0 |   0.0
        D:3 |      56 |       0 |   0.0 |      26 |       0 |   0.0
        D:4 |      60 |       0 |   0.0 |       3 |       0 |   0.0
            +---------+---------+-------+---------+---------+-------
